 Seeded DCSS version 0.29.1-15-g9cfb28693d (webtiles) character file.

Game seed: 5297477676520237703 (custom seed)

392 GigaChad the Magician (level 7, 0/47 HPs)
             Began as a Djinni Conjurer on Mar 10, 2023.
             Slain by a phantom (4 damage)
             ... on level 6 of the Dungeon.
             The game lasted 00:08:44 (6419 turns).

GigaChad the Magician (Djinni Conjurer)             Turns: 6419, Time: 00:08:44

Health: 0/47       AC:  2    Str: 14    XL:     7   Next: 8%
Gold:   210        EV: 12    Int: 20    God:
                   SH:  0    Dex: 11

rFire   + + .      SeeInvis .   c - +2 war axe (drain)
rCold   x . .      Faith    .   (no shield)
rNeg    . . .      Spirit   .   a - +0 robe
rPois   ∞          Reflect  .   (no helmet)
rElec   .          Harm     .   (no cloak)
rCorr   .          Rampage  .   (no gloves)
Will    .....                   (boots unavailable)
Stlth   ++........              (no amulet)
HPRegen 0.15/turn               f - +6 ring of strength
MPRegen 0.00/turn               (no ring)

@: flying
A: sickness immunity, fire resistance 2, cold vulnerability 1, float, innate
caster, HP casting, extra vitality 1
a: no special abilities


You were on level 6 of the Dungeon.
You visited 2 branches of the dungeon, and saw 7 of its levels.

You collected 210 gold pieces.

Inventory:

Hand Weapons
 c - a +2 war axe of draining (weapon)
 h - a +0 dagger
Missiles
 q - 4 javelins
 r - 4 poisoned darts
Armour
 a - a +0 robe (worn)
Jewellery
 f - a +6 ring of strength (left hand)
Scrolls
 b - a scroll of fear
 d - 4 scrolls of teleportation
 e - 2 scrolls of immolation
 j - a scroll of amnesia {unknown}
 k - a scroll of enchant armour {unknown}
 n - a scroll of magic mapping {unknown}
 p - 2 scrolls of acquirement {unknown}
 s - a scroll of identify
 t - a scroll of summoning {unknown}
Potions
 g - 3 potions of magic
 i - 2 potions of resistance
 l - a potion of attraction {unknown}
 m - 2 potions of brilliance {unknown}
 o - a potion of flight {unknown}


   Skills:
 + Level 1.0 Fighting
 + Level 1.0 Axes
 + Level 2.9 Dodging
 + Level 2.4 Stealth
 + Level 0.2 Unarmed Combat
 + Level 5.4 Spellcasting


You couldn't memorise any spells.
You knew the following spells:

 Your Spells              Type           Power      Damage    Failure   Level
a - Magic Dart            Conj           100%       1d8       1%          1
b - Searing Ray           Conj           54%        2d6       1%          2
c - Dazzling Flash        Conj/Hex       54%        N/A       3%          3
d - Fulminant Prism       Conj/Hex       13%        3d9       12%         4
e - Iskenderun's Mystic   Conj/Tloc      27%        2d7       12%         4
f - Foxfire               Conj/Fire      100%       2x1d9     1%          1
g - Blink                 Tloc           54%        N/A       1%          2
h - Mephitic Cloud        Conj/Pois/Air  27%        N/A       3%          3
Your spell library was empty.

Dungeon Overview and Level Annotations

Branches:
Dungeon (6/15)             Temple (1/1) D:5

Altars:
Ashenzari
Elyvilon
Fedhas
Gozag
Hepliaklqana
Makhleb
Nemelex Xobeh
Okawaru
Ru
Trog
Uskayaw
Wu Jian
Yredelemnul
The Shining One

Portals:
Abyss: D:3

Annotations:
D:3 2 transporters, GigaChad's ghost, weakling DECj
D:5 Duvessa


Innate Abilities, Weirdness & Mutations

You are immune to sickness and miasma.
You are immune to poison.
Your flesh is very heat resistant. (rF++)
You are vulnerable to cold. (rC-)
You float through the air rather than walking.
You learn spells naturally, not from books.
Your magical power is your life essence.
You have superior vitality. (+4 MHP)


Message History

You hit the steam dragon.
The steam dragon is heavily wounded.
The steam dragon breathes steam at you. The ball of steam hits you. You resist.
The steam dragon bites you. The steam dragon barely misses you.
You hit the steam dragon.
The steam dragon is severely wounded.
The steam dragon misses you. The steam dragon claws you.
You barely miss the steam dragon.
The steam dragon is severely wounded.
The steam dragon barely misses you. The steam dragon claws you.
The steam dragon bites you.
* * * LOW HITPOINT WARNING * * *
The steam dragon misses you.
You barely miss the steam dragon.
You punch the steam dragon, but do no damage.
The steam dragon is severely wounded.
You hit the ogre. You drain the ogre. You miss the phantom.
The steam dragon misses you. The steam dragon closely misses you.
The ogre completely misses you.
The phantom hits you but does no damage.
You are too injured to fight recklessly!
You are too injured to fight recklessly!
You are too injured to fight recklessly!
You are too injured to fight recklessly!
You are too injured to fight recklessly!
You hit the steam dragon but do no damage.
The steam dragon is severely wounded.
You slash the ogre! You barely miss the phantom.
The steam dragon breathes steam at you. The ball of steam hits you. You resist.
* * * LOW HITPOINT WARNING * * *
The phantom hits you.
* * * LOW HITPOINT WARNING * * *
The ogre closely misses you. The phantom hits you.
* * * LOW HITPOINT WARNING * * *
The phantom blinks!
You blink.
The phantom barely misses you. The phantom hits you.
You die...

...........
..........##
...........#
...........##
............#
............#
............#
.......@...†#
.....<..W.†.#
..........D.###
...........O..#########
............#..§......#
..........#.##.§#.##..#
#.######..##.#..##.#.
#. ###....##....#
#.)##.#..##.#


You could see a steam dragon, an ogre (drained) and a phantom.

Vanquished Creatures
  2 scorpions (D:4)
  2 hounds
  An iguana (D:6)
  Ijyb (D:3)
  8 adders
  An ufetubus (D:4)
  A worm (D:4)
  9 orcs
  5 endoplasms
  5 giant cockroaches
  8 goblins
  8 hobgoblins
  3 jackals (D:4)
  2 quokkas
  4 ball pythons
  3 bats
  A frilled lizard (D:2)
  5 kobolds
  2 rats
71 creatures vanquished.

Vanquished Creatures (others)
  2 fulminant prisms
2 creatures vanquished.

Grand Total: 73 creatures vanquished

Notes
Turn   | Place    | Note
-------+----------+-------------------------------------------
     0 | D:1      | GigaChad the Djinni Conjurer began the quest for the Orb.
     0 | D:1      | GigaChad set off with the following spells memorised: Magic
                  | Dart, Searing Ray, Dazzling Flash, Fulminant Prism,
                  | Iskenderun's Mystic Blast.
     0 | D:1      | Reached XP level 1. HP: 15/15 MP: 0/0
   977 | D:1      | Reached XP level 2. HP: 20/21 MP: 0/0
  1762 | D:2      | Reached XP level 3. HP: 19/25 MP: 0/0
  1762 | D:2      | Learned a level 1 spell: Foxfire
  1877 | D:2      | Reached skill level 4 in Spellcasting
  2532 | D:3      | Reached XP level 4. HP: 21/31 MP: 0/0
  2752 | D:3      | Found a glowing golden altar of the Shining One.
  2873 | D:3      | Noticed Ijyb
  2898 | D:3      | Killed Ijyb
  3336 | D:3      | Found a one-way gate to the infinite horrors of the Abyss.
  3336 | D:3      | Noticed GigaChad's ghost (weakling DECj)
  3374 | D:3      | Noticed a kobold brigand
  3437 | D:3      | Found a transporter.
  3454 | D:3      | Found a transporter.
  3538 | D:3      | Reached XP level 5. HP: 31/35 MP: 0/0
  3538 | D:3      | Learned a level 2 spell: Blink
  4242 | D:4      | HP: 1/35 [scorpion (4)]
  4688 | D:4      | Reached XP level 6. HP: 38/41 MP: 0/0
  4877 | D:4      | Reached skill level 5 in Spellcasting
  4980 | D:4      | Found a blossoming altar of Fedhas.
  5288 | D:5      | Entered Level 5 of the Dungeon
  5366 | D:5      | Noticed a gargoyle
  5452 | D:5      | Found a staircase to the Ecumenical Temple.
  5465 | Temple   | Entered the Ecumenical Temple
  5728 | D:5      | Noticed Duvessa
  6399 | D:6      | Reached XP level 7. HP: 43/46 MP: 0/0
  6399 | D:6      | Learned a level 3 spell: Mephitic Cloud
  6399 | D:6      | Noticed a steam dragon
  6403 | D:6      | Reached skill level 1 in Fighting
  6403 | D:6      | Reached skill level 1 in Axes
  6419 | D:6      | Slain by a phantom

Illustrated notes

Levels and vault maps discovered:
D:1:      eino_arrival_cavern_d, layout_loops_corners
D:2:      layout_basic, kennysheep_generic_room_4
D:3:      layout_loops_corners, tso_metal_star, gammafunk_ghost_abyssal_escape,
          uniq_ijyb
D:4:      layout_basic, marbit_many_paths, item_on_display_a
D:5:      layout_basic, nicolae_dithmenos_through_a_glass_darkly,
          old_standard_altar, minmay_temple_entry_mini_moons, uniq_duvessa,
          uniq_sigmund
D:6:      layout_cave_pods, mainiacjoe_overflow_alcove_1, xom_redecorated,
          nicolae_shop_i_like_big_books, nicolae_eternal_life, uniq_eustachio
Temple:   nicolae_temple_bog_church

Skill      XL: |  1  2  3  4  5  6  7 |
---------------+----------------------+-----
Spellcasting   | 4 5 |  5.4
Stealth        | 2 |  2.4
Fighting       | 1 |  1.0
Axes           | 1 |  1.0
Dodging        | |  2.9
Unarmed Combat | |  0.2

Action                   |  1- 3 |  4- 6 |  7- 9 || total
-------------------------+-------+-------+-------++-------
Melee: Unarmed           |     8 |       |       ||     8
       War axe           |       |    20 |     7 ||    27
       Dagger            |       |     1 |       ||     1
       Punch             |       |       |     1 ||     1
 Cast: Magic Dart        |    70 |   118 |     4 ||   192
       Fulminant Prism   |       |     1 |     1 ||     2
  Use: Scroll            |     6 |       |       ||     6
Armor: Robe              |     2 |     6 |     2 ||    10
Dodge: Dodged            |    11 |    25 |    12 ||    48
